 Dungeon Crawl Stone Soup version 0.28.0-53-g5a82cb258f (webtiles) character file.

Game seed: 16818504255437304176

216 nickcage the Chopper (level 5, -2/45 HPs)
             Began as a Minotaur Abyssal Knight on July 11, 2022.
             Was a Priest of Lugonu.
             Succumbed to a killer bee's poison
             ... on level 4 of the Dungeon.
             The game lasted 00:06:28 (2423 turns).

nickcage the Chopper (Minotaur Abyssal Knight)      Turns: 2423, Time: 00:06:29

Health: -2/45      AC: 11    Str: 20    XL:     5   Next: 61%
Magic:  5/5        EV: 10    Int:  7    God:    Lugonu [***...]
Gold:   253        SH:  0    Dex: 10    Spells: 4/4 levels left

rFire   . . .      SeeInvis .   a - +1 hand axe
rCold   . . .      Faith    .   (no shield)
rNeg    . . .      Spirit   .   j - +0 scale mail
rPois   .          Reflect  .   (helmet restricted)
rElec   .          Harm     .   (no cloak)
rCorr   .          Rampage  .   (no gloves)
Will    .....                   f - +0 pair of boots
Stlth   ..........              c - amulet of the acrobat
HPRegen 0.15/turn               h - +4 ring of protection
MPRegen 0.09/turn               (no ring)

@: lethally poisoned (-2 -> -30)
A: horns 2, retaliatory headbutt
a: Renounce Religion, Depart the Abyss, Bend Space, Banish


You were on level 4 of the Dungeon.
You worshipped Lugonu.
Lugonu was most pleased with you.
You visited 1 branch of the dungeon, and saw 4 of its levels.
You visited the Abyss 1 time.

You collected 253 gold pieces.

Inventory:

Hand Weapons
 a - a +1 hand axe (weapon)
Missiles
 e - 15 poisoned darts (quivered)
Armour
 b - a +0 leather armour
 f - a +0 pair of boots (worn)
 j - a +0 scale mail (worn)
Jewellery
 c - an amulet of the acrobat (around neck)
 h - a +4 ring of protection (left hand)
Scrolls
 d - 2 scrolls of teleportation {unknown}
 g - a scroll of fear {unknown}
 i - 2 scrolls of identify {unknown}
 k - a scroll of immolation {unknown}
 l - 2 scrolls of magic mapping {unknown}
 m - a scroll of silence {unknown}


   Skills:
 - Level 3.6 Fighting
 + Level 7.2 Axes
 - Level 2.4 Armour
 - Level 1.1 Dodging
 - Level 1.7 Invocations


You had 4 spell levels left.
You didn't know any spells.
Your spell library was empty.

Dungeon Overview and Level Annotations

Branches:
Dungeon (4/15)
 Temple: D:4-7

Altars:
Dithmenos
Nemelex Xobeh

Shops:
D:2 :


Innate Abilities, Weirdness & Mutations

You have a pair of horns on your head.
You reflexively headbutt those who attack you in melee.


Message History

The killer bee stings you.
The killer bee stings you but does no damage.
You miss the killer bee.
The killer bee is severely wounded.
You closely miss the killer bee.
You feel sick. The killer bee stings you.
You are lethally poisoned!
The killer bee poisons you! The killer bee closely misses you.
The killer bee misses you.
The killer bee stings you but does no damage.
You closely miss the killer bee.
The killer bee is severely wounded.
You miss the killer bee.
You feel very sick. The killer bee closely misses you.
The killer bee stings you but does no damage.
The killer bee stings you.
* * * LOW HITPOINT WARNING * * *
The killer bee misses you.
You hit the killer bee.
You kill the killer bee!
Lugonu accepts your kill.
You closely miss the killer bee.
* * * LOW HITPOINT WARNING * * *
You feel very sick. The killer bee barely misses you.
The killer bee closely misses you.
Your Axes skill increases to level 7!
You aren't carrying any potions.
You hit the killer bee but do no damage.
* * * LOW HITPOINT WARNING * * *
You feel very sick. The killer bee stings you.
* * * LOW HITPOINT WARNING * * *
You are more poisoned.
The killer bee poisons you! The killer bee stings you.
* * * LOW HITPOINT WARNING * * *
You are more poisoned.
The killer bee poisons you!
You hit the killer bee. Your headbutt misses the killer bee.
The killer bee is lightly wounded.
You die...

##..........##
+...........##
+.#.........##
+.#..........##
#.............#
#...........##
............# ##
..#..##.###.##...##
... #. #@......#
...?....†y.......
.#.....#..⌠..#.
##...# .....# #..#
.#.#?.# #.# ##.##..
.. .. #. .# ..


You could see a killer bee.

Vanquished Creatures
  2 killer bees (D:4)
  3 adders
  An ufetubus (D:4)
  2 worms
  A dart slug (D:1)
  3 orcs (D:3)
  9 endoplasms
  3 giant cockroaches
  10 goblins
  9 hobgoblins
  4 jackals
  5 quokkas
  8 ball pythons
  3 bats
  6 kobolds
  10 rats
79 creatures vanquished.

Vanquished Creatures (others)
  7 fungi (D:3)
7 creatures vanquished.

Grand Total: 86 creatures vanquished

Notes
Turn   | Place    | Note
-------+----------+-------------------------------------------
     0 | Abyss:1  | nickcage the Minotaur Abyssal Knight began the quest for
                  | the Orb.
     0 | Abyss:1  | Reached XP level 1. HP: 19/19 MP: 1/1
     9 | D:1      | Escaped the Abyss
   169 | D:1      | Reached skill level 3 in Axes
   181 | D:1      | Reached XP level 2. HP: 24/26 MP: 2/2
   342 | D:1      | Reached skill level 4 in Axes
   632 | D:1      | Reached XP level 3. HP: 27/31 MP: 3/3
   772 | D:1      | Reached ** piety under Lugonu
   929 | D:1      | Found a faded altar of an unknown god.
  1328 | D:2      | Reached skill level 5 in Axes
  1330 | D:2      | Found a shadowy altar of Dithmenos.
  1345 | D:2      | Found Pisiexer's Book Shop.
  1452 | D:2      | Reached XP level 4. HP: 39/39 MP: 4/4
  1464 | D:2      | Identified the +0 leather armour of Quantum Leap {rC- Int+5
                  | Dex+3}
  1829 | D:3      | Found a sparkling altar of Nemelex Xobeh.
  2105 | D:3      | Reached *** piety under Lugonu
  2106 | D:3      | Reached skill level 6 in Axes
  2418 | D:4      | Reached XP level 5. HP: 29/45 MP: 5/5
  2422 | D:4      | Reached skill level 7 in Axes
  2423 | D:4      | Succumbed to a killer bee's poison

Illustrated notes

Levels and vault maps discovered:
D:1:      saegor_arrival_simple_e, layout_loops_ring,
          shapermc_ecumenical_altar_flowoftime, minmay_strange_pillars,
          minmay_rat_gold_closets
D:2:      layout_rooms, serial_shops, nicolae_shop_trees, basic_altar,
          kennysheep_big_empty_room, chequers_serial_rivers_micro_d
D:3:      layout_rooms, mainiacjoe_overflow_cross_hatched
D:4:      layout_cave_pools, mainiacjoe_overflow_big_doors,
          minmay_temple_entry_waves, uniq_eustachio, uniq_duvessa

Skill      XL: |  1  2  3  4  5 |
---------------+----------------+-----
Axes           | 3 4 5 6 7 |  7.2
Fighting       | |  3.6
Armour         | |  2.4
Dodging        | |  1.1
Invocations    | |  1.7

Action                   |  1- 3 |  4- 6 || total
-------------------------+-------+-------++-------
Melee: Hand axe          |    73 |    71 ||   144
       Headbutt          |    11 |     9 ||    20
       Punch             |       |     1 ||     1
Throw: Dart              |       |     1 ||     1
Armor: Leather armour    |    10 |     9 ||    19
       Scale mail        |       |    12 ||    12
Dodge: Dodged            |    39 |    52 ||    91
